 Dungeon Crawl Stone Soup version 0.31-a0-246-g8cbcc1cb85 (webtiles) character file.

Game seed: 1707870476583705601

194 qw the Shooter (level 5, -3/45 HPs)
             Began as a Minotaur Hexslinger on July 12, 2023.
             Slain by Ijyb
             ... wielding a +0 club
              (6 damage)
             ... on level 3 of the Dungeon.
             The game lasted 00:00:56 (2476 turns).

qw the Shooter (Minotaur Hexslinger)                Turns: 2476, Time: 00:00:56

Health: -3/45      AC:  3    Str: 13    XL:     5   Next: 44%
Magic:  5/5        EV: 12    Int: 10    God:
Gold:   116        SH:  0    Dex: 20    Spells: 5/6 levels left

rFire   . . .        Y - +1 sling
rCold   . . .        (no shield)
rNeg    . . .        f - +0 leather armour
rPois   .            (helmet restricted)
rElec   .            (no cloak)
rCorr   .            (no gloves)
SInv    .            (no boots)
Will    .....        (no amulet)
Stlth   +            d - +6 ring of dexterity
HPRegen 0.27/turn    (no ring)
MPRegen 0.09/turn

%: no passive effects
@: no status effects
A: horns 2, retaliatory headbutt
a: no special abilities


You were on level 3 of the Dungeon.
You visited 1 branch of the dungeon, and saw 3 of its levels.

You collected 116 gold pieces.


Innate Abilities, Weirdness & Mutations

You have a pair of horns on your head.
You reflexively headbutt those who attack you in melee.


   Skills:
 - Level 3.1 Fighting
 + Level 5.7 Ranged Weapons
 - Level 2.1 Dodging
 - Level 1.0 Spellcasting
 - Level 2.0 Hexes


You had 5 spell levels left.
You knew the following spells:

 Your Spells              Type           Power      Damage    Failure   Level
a - Slow                  Hex            16%        N/A       19%         1

Your spell library contained the following spells:

 Spells                   Type           Power      Damage    Failure   Level
 Inner Flame              Hex/Fire       2%         N/A       65%         3
 Portal Projectile        Hex/Tloc       4%         N/A       65%         3
 Cause Fear               Hex            2%         N/A       88%         4

Inventory:

Hand Weapons
 Y - a +1 sling (weapon)
Armour
 f - a +0 leather armour (worn)
Jewellery
 d - a +6 ring of dexterity (left hand)
Scrolls
 e - a scroll of amnesia {unknown}
Potions
 a - a potion of enlightenment {unknown}
 b - a potion of resistance {unknown}
 c - a potion of berserk rage {unknown}
 g - a potion of haste {unknown}

Dungeon Overview and Level Annotations

Branches:
Dungeon (3/15)

Altars:
The Shining One

Annotations:
D:3 Ijyb


Message History

The sling bullet hits Ijyb but does no damage.
You shoot a sling bullet. The sling bullet closely misses Ijyb.
Ijyb zaps a wand.
The puff of flame hits you!
You shoot a sling bullet. The sling bullet closely misses Ijyb.
You shoot a sling bullet.
The sling bullet hits Ijyb but does no damage.
Ijyb closely misses you.
You shoot a sling bullet. The sling bullet hits Ijyb.
Ijyb is moderately wounded.
Ijyb hits you with a +0 club.
You shoot a sling bullet. The sling bullet closely misses Ijyb.
Ijyb hits you with a +0 club.
Ijyb screams, "Me very upset!"
Ijyb hits you with a +0 club.
You shoot a sling bullet. The sling bullet closely misses Ijyb.
Ijyb hits you but does no damage.
You shoot a sling bullet.
The sling bullet hits Ijyb but does no damage.
Ijyb is moderately wounded.
Ijyb closely misses you.
You shoot a sling bullet.
The sling bullet hits Ijyb but does no damage.
Ijyb is moderately wounded.
Ijyb hits you with a +0 club.
You shoot a sling bullet. The sling bullet hits Ijyb.
Ijyb is moderately wounded.
Ijyb closely misses you. You furiously retaliate!
You headbutt Ijyb. You shoot a sling bullet.
The sling bullet hits Ijyb but does no damage.
Ijyb is severely wounded.
Ijyb screams, "Me kill you!"
Ijyb zaps a wand.
The puff of flame hits you!
You shoot a sling bullet.
The sling bullet hits Ijyb but does no damage.
Ijyb is severely wounded.
Ijyb zaps a wand.
The puff of flame hits you!
You shoot a sling bullet. The sling bullet hits Ijyb.
Ijyb is severely wounded.
Ijyb hits you with a +0 club.
You die...

#.# #.#####.... #.# #.#
.. ####.## #.# #.#
#....# #.# #.# #.#
####'#### #.# #.# #g#
#.....# #.# #.#.#.#
#.....# #.#
#.###.#.#...# #....)#
..# #.......#.g.#.#
#.....# ..# #.#
####.@###.# #.....# .)#
#.# #<......#'###.....#
..#
#.#+#..#..............#
..#
#.....................#
..#
#....###..............#
..#
##.............#%......#
#.#
#.....####...###.......#
#.# #.#...####...#
#.......# #.#
##.###........#
#....#'##


You could see Ijyb.

Vanquished Creatures
  A crimson imp (D:3)
  2 gnolls
  7 adders
  2 worms (D:2)
  3 dart slugs
  An orc (D:3)
  6 bats
  4 endoplasms
  A giant cockroach (D:3)
  5 goblins
  7 hobgoblins
  5 jackals (D:3)
  2 quokkas (D:1)
  5 ball pythons
  2 frilled lizards
  A goblin zombie (D:3)
  2 hobgoblin zombies (D:3)
  4 kobolds
  A kobold zombie (D:3)
  2 orc skeletons (D:3)
  2 orc zombies (D:3)
  6 rats
71 creatures vanquished.

Notes
Turn   | Place    | Note
-------+----------+-------------------------------------------
     0 | D:1      | qw the Minotaur Hexslinger began the quest for the Orb.
     0 | D:1      | Reached XP level 1. HP: 16/16 MP: 1/1
     0 | D:1      | 0 ||| qw: Version: 0.3-a-52-g30416fa
     0 | D:1      | 0 ||| qw: Game counter: 6213
     0 | D:1      | 0 ||| qw: Melee chars always use a shield: true
     0 | D:1      | 0 ||| qw: God list: Okawaru
     0 | D:1      | 0 ||| qw: Allow faded altars: false
     0 | D:1      | 0 ||| qw: Do Orc after clearing Dungeon:15 true
     0 | D:1      | 0 ||| qw: Do second Lair branch before Depths: true
     0 | D:1      | 0 ||| qw: Lair rune preference: random
     0 | D:1      | 0 ||| qw: Goals: Normal
     0 | D:1      | 0 ||| PLANNING D:1-11
   154 | D:1      | Reached skill level 3 in Ranged Weapons
   156 | D:1      | Reached XP level 2. HP: 23/23 MP: 2/2
   492 | D:1      | Reached XP level 3. HP: 29/30 MP: 3/3
   686 | D:1      | 686 ||| Stepping ~*~*~tactically~*~*~ (outnumbered).
   764 | D:1      | 764 ||| UPGRADING to +0 leather armour.
   774 | D:1      | 774 ||| DROPPING +0 robe.
   775 | D:1      | 775 ||| READING scroll labelled ECICI RITEI.
   776 | D:1      | 776 ||| READING scroll labelled PECRAUMYTA.
   777 | D:1      | 777 ||| DROPPING scroll of poison.
  1051 | D:2      | Reached skill level 4 in Ranged Weapons
  1602 | D:2      | Reached XP level 4. HP: 25/37 MP: 4/4
  1721 | D:2      | 1721 ||| UPGRADING to +6 ring of dexterity.
  1722 | D:2      | 1722 ||| READING scroll labelled ISURPH WUEDAA.
  1727 | D:2      | 1727 ||| READING scroll labelled ILOOSHR UHESIQ.
  1828 | D:3      | Found a glowing golden altar of the Shining One.
  1992 | D:3      | Reached skill level 5 in Ranged Weapons
  2068 | D:3      | Reached skill level 3 in Fighting
  2068 | D:3      | Reached XP level 5. HP: 45/45 MP: 5/5
  2123 | D:3      | HP: 10/45 [gnoll/+0 flail (9)]
  2459 | D:3      | Noticed Ijyb
  2460 | D:3      | 2460 ||| FLEEEEING.
  2461 | D:3      | 2461 ||| FLEEEEING.
  2475 | D:3      | HP: 2/45 [Ijyb/puff of flame (12)]
  2476 | D:3      | Slain by Ijyb

Levels and vault maps discovered:
D:1:      minmay_arrival_arboretum_small, layout_loops_ring
D:2:      layout_loops_corners
D:3:      minmay_bubble_buster, layout_basic, nicolae_tso_besieged_by_evil,
          uniq_ijyb

Skill      XL: |  1  2  3  4 |
---------------+-------------+-----
Ranged Weapons | 3 4 5 |  5.7
Fighting       | 2 3 |  3.1
Dodging        | |  2.1
Spellcasting   | |  1.0
Hexes          | |  2.0

Action                     |  1- 3 |  4- 6 || total
---------------------------+-------+-------++-------
   Fire: Sling             |   116 |   121 ||   237
    Use: Scroll            |     2 |     2 ||     4
 Armour: Robe              |     4 |       ||     4
         Leather armour    |     3 |    14 ||    17
  Dodge: Dodged            |    23 |    39 ||    62

Table legend:
 A = Non-vault XP
 B = Vault XP
 C = Vault XP percentage of total XP
 D = Non-vault monster count
 E = Vault monster count
 F = Vault count percentage of total count
                 A         B        C        D         E       F
            +---------+---------+-------+---------+---------+-------
      Total |     147 |     131 |  47.1 |      51 |      20 |  28.2
            +---------+---------+-------+---------+---------+-------
        D:1 |      53 |       0 |   0.0 |      22 |       0 |   0.0
        D:2 |      45 |       0 |   0.0 |      14 |       0 |   0.0
        D:3 |      49 |     131 |  72.8 |      15 |      20 |  57.1
            +---------+---------+-------+---------+---------+-------
